 Dungeon Crawl Stone Soup version 0.27.1 (webtiles) character file.

Game seed: 1026146075945844046

67 Kala the Covert (level 4, 23/23 HPs)
             Began as a Spriggan Delver on Sept 1, 2021.
             Quit the game on level 1 of the Dungeon.
             The game lasted 00:08:22 (2081 turns).

Kala the Covert (Spriggan Delver)                   Turns: 2081, Time: 00:08:22

Health: 23/23      AC:  3    Str:  9    XL:     4   Next: 0%
Magic:  5/5        EV: 17    Int: 11    God:
Gold:   129        SH:  5    Dex: 16    Spells: 3/3 levels left

rFire    . . .     SeeInvis +   a - +0 short sword
rCold    . . .     Faith    .   (shield restricted)
rNeg     . . .     Spirit   .   b - +0 robe
rPois    .         Reflect  +   (helmet restricted)
rElec    .         Harm     .   l - +0 cloak
rCorr    .         Rampage  .   (gloves unavailable)
Will     .....                  (boots unavailable)
Stlth    ++++......             n - amulet of reflection
HPRegen  0.07/turn              (no ring)
MPRegen  0.09/turn              (no ring)

@: very quick
A: very small, no large weapons, unfitting armour, see invisible, speed 3
a: no special abilities


You were on level 1 of the Dungeon.
You visited 1 branch of the dungeon, and saw 5 of its levels.

You collected 129 gold pieces.

Inventory:

Hand Weapons
 a - a +0 short sword (weapon)
Armour
 b - a +0 robe (worn)
 l - a +0 cloak (worn)
Jewellery
 n - an amulet of reflection (around neck)
Wands
 g - a wand of digging (3)
Scrolls
 c - 3 scrolls of fog
 d - a scroll of magic mapping
 e - 3 scrolls of fear
 i - a scroll of noise {unknown}
 j - a scroll of identify {unknown}
 k - a scroll of blinking {unknown}
 m - a scroll of enchant armour {unknown}
Potions
 f - a potion of haste
 h - a potion of berserk rage {unknown}


   Skills:
 + Level 2.5 Fighting
 + Level 2.6 Short Blades
 + Level 2.8 Dodging
 * Level 9.1 Stealth


You had 3 spell levels left.
You didn't know any spells.
Your spell library contained the following spells:

 Spells                   Type           Power      Damage    Failure   Level
 Sublimation of Blood     Necr           0%         N/A       47%         2
 Wereblood                Tmut           0%         N/A       47%         2
 Summon Hydra             Summ           0%         N/A       100%        7


Dungeon Overview and Level Annotations

Branches:
Dungeon (5/15)
 Temple: D:4-7

Altars:

Annotations:
D:5 Eustachio


Innate Abilities, Weirdness & Mutations

You are very small and have problems with some larger weapons.
You are too small for most types of armour.
You have supernaturally acute eyesight. (SInv)
You cover ground extremely quickly. (Speed+++)


Message History

The hobgoblin closely misses you. The rat bites you.
You barely miss the hobgoblin.
The hobgoblin is moderately wounded.
The hobgoblin barely misses you. The rat misses you.
You hit the hobgoblin.
The hobgoblin is severely wounded.
The hobgoblin misses you. The rat closely misses you.
You hit the hobgoblin but do no damage.
The hobgoblin is severely wounded.
The hobgoblin closely misses you. The rat closely misses you.
You closely miss the hobgoblin.
The hobgoblin is severely wounded.
The hobgoblin hits you but does no damage.
The rat barely misses you.
You hit the hobgoblin.
You kill the hobgoblin!
The rat closely misses you.
You barely miss the rat. The rat misses you.
You hit the rat but do no damage. The rat bites you but does no damage.
You hit the rat.
You kill the rat!
You have reached level 4!
You see here a rat corpse.
Found a scroll labelled VARATU TAYROMI.
You now have 119 gold pieces (gained 14).
Found a dented malachite amulet.
m - a scroll labelled VARATU TAYROMI
n - an amulet of reflection You start putting on your amulet.
You continue putting on your amulet of reflection. x5
You finish putting on your amulet of reflection.
You feel a shielding aura gather around you.
n - an amulet of reflection (around neck)
You are not religious.
You now have 129 gold pieces (gained 10).
c - 3 scrolls of fog (gained 2)
There is a stone staircase leading down here.
You see here a rat corpse.
A giant cockroach comes into view.
Are you sure you want to abandon this character and quit the game? (Confirm with "yes".)

.. #.........###.#..##
#.........# #....##
#.........# ##...##
#.........####...##
#...........##.....
#.........#.##..>.. #
######...##.#......
....#######...##.#......
.......@..#...##...##...
........#.#........##...
#.###P###......†...##...
... #.........###... #.#
#......######...


P.B #............... #.# #.#.##.#.#.#.... .P #...##.#.#.#.... #...##.....##...
You could see a giant cockroach (asleep).

Vanquished Creatures
  3 adders
  A dart slug (D:2)
  An orc (D:3)
  6 endoplasms
  A giant cockroach (D:1)
  3 goblins (D:1)
  6 hobgoblins
  A kobold (D:3)
  A quokka (D:3)
  A ball python (D:3)
  3 bats
  5 frilled lizards
  3 rats
35 creatures vanquished.

Vanquished Creatures (others)
  2 plants
2 creatures vanquished.

Grand Total: 37 creatures vanquished

Notes
Turn   | Place    | Note
-------+----------+-------------------------------------------
     0 | D:5      | Kala the Spriggan Delver began the quest for the Orb.
     0 | D:5      | Reached XP level 1. HP: 11/11 MP: 2/2
    21 | D:5      | Noticed an iguana
    50 | D:5      | Noticed a lemure
    63 | D:5      | Noticed an orc priest
    82 | D:5      | Noticed an orc priest
    83 | D:5      | Noticed an orc wizard
    83 | D:5      | Noticed an orc wizard
    83 | D:5      | Noticed an orc wizard
    83 | D:5      | Noticed Eustachio
   423 | D:3      | Noticed an orc wizard
   528 | D:3      | Reached skill level 8 in Stealth
   528 | D:3      | Reached XP level 2. HP: 16/16 MP: 3/3
   917 | D:2      | Reached XP level 3. HP: 19/19 MP: 4/4
  1680 | D:1      | Reached skill level 9 in Stealth
  1907 | D:1      | Reached XP level 4. HP: 15/23 MP: 5/5
  2081 | D:1      | Quit the game

Illustrated notes

Levels and vault maps discovered:
D:1:      minmay_arrival_jagged, layout_basic,
          shapermc_ecumenical_altar_mp_urbaneastern
D:2:      layout_loops_ring, serial_forest, infiniplex_forest_zigzag_1,
          infiniplex_forest_lined_room_2, infiniplex_forest_lined_1,
          infiniplex_forest_clump_large, infiniplex_forest_clump_long,
          infiniplex_forest_end_2, infiniplex_forest_end_2,
          infiniplex_forest_zigzag_2
D:3:      layout_loops_cross, fedhas_altar_1, chequers_big_river,
          grunt_decor_clamped
D:4:      layout_loops_ring, overflow_temple_1_default
D:5:      layout_basic, minmay_temple_entry_gardened_gates,
          minmay_fractal_squares_gapless_5, uniq_eustachio, uniq_pikel

Skill      XL: |  1  2  3 |
---------------+----------+-----
Stealth        | 8 9 |  9.1
Fighting       | |  2.5
Short Blades   | |  2.6
Dodging        | |  2.8

Action                   |  1- 3 |  4- 6 || total
-------------------------+-------+-------++-------
Melee: Short sword       |   109 |       ||   109
 Stab: Sleeping          |    18 |       ||    18
Armor: Robe              |     5 |       ||     5
Dodge: Dodged            |    78 |       ||    78
